 Dungeon Crawl Stone Soup version 0.18.1-50-g88ac8fd (webtiles) character file.

721 Ginkk the Skirmisher (level 7, -2/56 HPs)
             Began as a Demonspawn Abyssal Knight on Sept 23, 2016.
             Was a Believer of Lugonu.
             Slain by a giant frog skeleton (4 damage)
             ... on level 7 of the Dungeon.
             The game lasted 00:25:21 (2380 turns).

Ginkk the Skirmisher (Demonspawn Abyssal Knight)    Turns: 2380, Time: 00:25:21

Health: -2/56      AC:  5    Str: 13    XL:     7   Next: 43%
Magic:  9/9        EV: 12    Int: 13    God:    Lugonu [**....]
Gold:   115        SH:  0    Dex: 14    Spells: 1 memorised, 0 levels left

rFire  . . .     SeeInvis .     j - +0 scythe
rCold  . . .     Gourm    .     e - +0 scale mail
rNeg   . . .     Faith    .     (shield currently unavailable)
rPois  .         Spirit   .     (helmet restricted)
rElec  .         Dismiss  .     (no cloak)
rCorr  .         Reflect  .     (no gloves)
SustAt .         Harm     .     g - +0 pair of boots
MR     .....                    (no amulet)
Stlth  ..........               (no ring)
                                (no ring)

@: not resistant to hostile enchantments, extremely unstealthy
A: fangs 1, horns 1, repulsion field 1, deformed body, demonic guardian 1,
regeneration 1, MP-powered wands
a: Depart the Abyss, Bend Space, Renounce Religion


You were on level 7 of the Dungeon.
You worshipped Lugonu.
Lugonu was pleased with you.
You were not hungry.

You visited 2 branches of the dungeon, and saw 8 of its levels.
You visited the Abyss 1 time.

You collected 115 gold pieces.

Inventory:

Hand Weapons
 a - a +1 mace
 f - a +0 dagger of protection
 j - a +0 scythe (weapon)
 o - a +0 war axe
Missiles
 b - 31 arrows
 c - 2 poisoned needles
 h - 35 bolts
 i - 78 stones
 p - 3 tomahawks (quivered)
 q - 2 steel tomahawks
Armour
 e - a +0 scale mail (worn)
 g - a +0 pair of boots (worn)
Wands
 d - a wand of random effects (0/48)
 n - a wand of flame (12/48)
Scrolls
 k - 2 scrolls of remove curse
Books
 l - a book of Power

   Spells                             Type                      Level
   a - Fulminant Prism                Conjuration/Hexes            4
   b - Iskenderun's Mystic Blast      Conjuration                  4
   c - Venom Bolt                     Conjuration/Poison           5
   d - Bolt of Magma                  Conjuration/Fire/Earth       5
   e - Iron Shot                      Conjuration/Earth            6
   f - Orb of Destruction             Conjuration                  7
   g - Spellforged Servitor           Conjuration/Summoning        7
Comestibles
 m - a meat ration
 s - 11 chunks of flesh


   Skills:
 + Level 5.0 Fighting
 + Level 1.4(2.3) Axes
 + Level 2.7(2.9) Maces & Flails
 + Level 0.5(1.1) Polearms
 + Level 0.6 Throwing
 + Level 4.0 Armour
 + Level 3.4 Dodging
 + Level 0.2 Stealth
 + Level 2.8 Invocations
 + Level 2.1 Evocations


You couldn't memorise any spells.
You knew the following spells:

 Your Spells              Type           Power        Failure   Level  Hunger
a - Iron Shot             Conj/Erth      #.........   100%        6    #######


Dungeon Overview and Level Annotations

Branches:
Dungeon (7/15)             Temple (1/1) D:5

Altars:
Ashenzari
Cheibriados
Elyvilon
Fedhas
Gozag
Pakellas
Qazlal
Ru
Sif Muna
Trog
Vehumet
Xom
Yredelemnul
Zin
The Shining One

Shops:
D:6 :

Annotations:
D:7 Menkaure


Innate Abilities, Weirdness & Mutations

You have a pair of small horns on your head.
You are surrounded by a mild repulsion field (EV +2).
A weak demonic guardian rushes to your aid.
You have very sharp teeth.
Armour fits poorly on your strangely shaped body.
Your natural rate of healing is unusually fast.
You expend magic power (3 MP) to strengthen your wands.


Message History

Found 17 gold pieces.
The centaur shoots an arrow.
The arrow hits you.
The giant frog skeleton barely misses you.
The centaur shoots an arrow.
The arrow hits you.
* * * LOW HITPOINT WARNING * * *
You see here 2 arrows.
The centaur shoots an arrow.
The arrow hits you!
* * * LOW HITPOINT WARNING * * *
You see here an arrow.
The centaur unwields an uncursed shortbow of evasion.
The centaur hits you.
* * * LOW HITPOINT WARNING * * *
The giant frog skeleton hits you but does no damage.
The centaur barely misses you.
You slash the centaur!
You kill the centaur!
Lugonu accepts your kill.
Your Armour skill increases to level 4!
The giant frog skeleton hits you.
You die...

#...##########
#....<......<#
#...########.. ##.
### # #### #..
##r## ##.@.##
##..Z..##..
#.5..(.$..#
#######.(....###.#
#...............#
..###.......###.#
#.#g##..# #
#..............
#...###........


You could see a gnoll, a quokka, a giant frog skeleton and a friendly ufetubus.

Vanquished Creatures
  The ghost of Ginkk the Skirmisher, an amateur DsAK of Lugonu (D:5)
  A centaur (D:7)
  A scorpion (D:5)
  An oklob sapling (D:5)
  A howler monkey (D:5)
  A giant frog zombie (D:5)
  2 giant frog skeletons
  Natasha (D:5)
  An orc wizard (D:6)
  A worker ant (D:4)
  A hound skeleton (D:6)
  A gnoll (D:3)
  6 adders
  2 oozes
  An adder zombie (D:7)
  An adder skeleton (D:6)
  A dart slug (D:1)
  8 orcs
  A ball python (D:1)
  3 giant cockroaches
  A goblin (D:1)
  2 hobgoblins
  A quokka (D:5)
  A bat (D:2)
  A giant gecko skeleton (D:6)
  A giant gecko zombie (D:6)
  2 giant newts
  3 kobolds
  A rat (D:2)
  2 plants (D:5)
51 creatures vanquished.

Vanquished Creatures (collateral kills)
  Sigmund (D:4)
  A scorpion (D:5)
  2 gnolls (D:3)
  A quokka (D:3)
5 creatures vanquished.

Grand Total: 56 creatures vanquished

Notes
Turn   | Place    | Note
--------------------------------------------------------------
     0 | Abyss:1  | Ginkk the Demonspawn Abyssal Knight began the quest for the Orb.
     0 | Abyss:1  | Reached XP level 1. HP: 18/18 MP: 2/2
     3 | Abyss:1  | Found a blossoming altar of Fedhas.
    89 | Abyss:1  | Noticed a small abomination
    93 | Abyss:1  | Noticed a chaos spawn
   109 | D:1      | Escaped the Abyss
   172 | D:1      | Reached * piety under Lugonu
   211 | D:1      | Gained mutation: You are weak. (Str -2) [potion of mutation]
   211 | D:1      | Gained mutation: Your natural rate of healing is unusually fast. [potion of mutation]
   211 | D:1      | Gained mutation: You have very sharp teeth. [potion of mutation]
   241 | D:1      | Gained mutation: A weak demonic guardian rushes to your aid. [demonic ancestry]
   241 | D:1      | Reached XP level 2. HP: 22/24 MP: 3/3
   319 | D:1      | Reached skill level 1 in Dodging
   441 | D:2      | Found a glowing silver altar of Zin.
   788 | D:3      | Gained mutation: You have a pair of small horns on your head. [demonic ancestry]
   788 | D:3      | Reached XP level 3. HP: 25/29 MP: 4/4
   918 | D:4      | Found a blossoming altar of Fedhas.
   930 | D:5      | Entered Level 5 of the Dungeon
   930 | D:5      | Noticed a scorpion
   930 | D:5      | Noticed a scorpion
   945 | D:5      | Killed a scorpion
   945 | D:5      | Reached skill level 4 in Fighting
   945 | D:5      | Reached XP level 4. HP: 18/37 MP: 5/5
  1106 | D:5      | Reached XP level 5. HP: 32/43 MP: 6/6
  1169 | D:5      | Found a staircase to the Ecumenical Temple.
  1210 | D:5      | Noticed Ginkk's ghost (amateur DsAK)
  1223 | D:5      | Killed Ginkk's ghost
  1223 | D:5      | Reached skill level 1 in Evocations
  1263 | D:5      | Gained mutation: You are surrounded by a mild repulsion field (EV +2). [demonic ancestry]
  1263 | D:5      | Reached XP level 6. HP: 49/49 MP: 8/8
  1266 | Temple   | Entered the Ecumenical Temple
  1548 | D:4      | Noticed Sigmund
  1585 | D:4      | Noticed Natasha
  1727 | D:5      | Killed Natasha
  1742 | D:4      | Killed Sigmund
  1742 | D:4      | Reached skill level 1 in Axes
  1742 | D:4      | Reached XP level 7. HP: 31/55 MP: 9/9
  1838 | D:4      | Reached skill level 5 in Fighting
  1878 | D:4      | Gained mutation: Armour fits poorly on your strangely shaped body. [potion of mutation]
  1878 | D:4      | Lost mutation: You are weak. (Str -2) [potion of mutation]
  1878 | D:4      | Gained mutation: You expend magic power (3 MP) to strengthen your wands. [potion of mutation]
  1893 | D:4      | Found a shimmering altar of Xom.
  1895 | D:4      | Found a shimmering altar of Xom.
  1897 | D:4      | Found a shimmering altar of Xom.
  1918 | D:4      | Learned a level 6 spell: Iron Shot
  1955 | D:4      | You fall through a shaft!
  1965 | D:6      | Found Suana's Book Boutique.
  2259 | D:6      | Reached ** piety under Lugonu
  2355 | D:7      | Noticed Menkaure
  2379 | D:7      | HP: 1/56 [centaur (2)]
  2380 | D:7      | Slain by a giant frog skeleton

Skill      XL: |  1  2  3  4  5  6  7 |
---------------+----------------------+-----
Armour         | 2 3 4 |  4.0
Maces & Flails | 2 |  2.7
Dodging        | 1 2 3 |  3.4
Fighting       | 4 5 |  5.0
Evocations     | 1 2 |  2.1
Axes           | 1 |  1.4
Polearms       | |  0.5
Throwing       | |  0.6
Stealth        | |  0.2
Invocations    | |  2.8

Action                   |  1- 3 |  4- 6 |  7- 9 || total
-------------------------+-------+-------+-------++-------
Melee: Mace              |    51 |    11 |       ||    62
       Bite              |     1 |    15 |     6 ||    22
       Headbutt          |       |    39 |    12 ||    51
       War axe           |       |   120 |    10 ||   130
       Scythe            |       |       |    47 ||    47
Throw: Tomahawk          |     4 |     3 |     1 ||     8
       Stone             |       |     2 |       ||     2
Invok: Depart the Abyss  |     1 |       |       ||     1
Evoke: Wand              |     3 |    13 |       ||    16
  Use: Scroll            |     6 |     1 |     2 ||     9
       Potion            |     2 |       |     2 ||     4
  Eat: Bread ration      |       |     1 |       ||     1
       Chunk             |       |     1 |       ||     1
Armor: Leather armour    |     3 |       |       ||     3
       Scale mail        |    31 |    61 |    23 ||   115
Dodge: Dodged            |    36 |    66 |    53 ||   155
